 Dungeon Crawl Stone Soup version 0.23-a0-481-g60b89c1 (webtiles) character file.

14508 theanonym the Basher (level 11, -6/92 HPs)
             Began as a Mummy Warper on Nov 29, 2018.
             Was a Priest of Yredelemnul.
             Splashed by an oklob plant's acid (14 damage)
             ... on level 2 of the Lair of Beasts.
             The game lasted 00:26:49 (18231 turns).

theanonym the Basher (Mummy Warper)                Turns: 18231, Time: 00:26:50

Health: -6/92      AC:  7    Str: 18    XL:     11   Next: 89%
Magic:  15/15      EV:  5    Int: 13    God:    Yredelemnul [***...]
Gold:   327        SH:  8    Dex: 11    Spells: 15/15 levels left

rFire    . . .     SeeInvis .   a - +0 morningstar
rCold    + . .     Gourm    .   x - +0 buckler
rNeg     + + +     Faith    .   u - +0 plate armour
rPois    ∞         Spirit   .   p - +0 helmet
rElec    .         Reflect  +   l - +0 cloak
rCorr    .         Harm     .   s - +0 pair of gloves
MR       +....                  z - +0 pair of boots
Stlth    ..........             C - +4 amulet of reflection
HPRegen  0.25/turn              h - ring of stealth
MPRegen  0.14/turn              A - ring of protection from fire

@: corroded
A: no food or potions, fire vulnerability, cold resistance 1, negative energy
resistance 3, torment resistance, unbreathing
a: Recall Undead Slaves, Injury Mirror, Animate Dead, Renounce Religion


Innate Abilities, Weirdness & Mutations

You do not eat or drink.
Your flesh is vulnerable to fire.
You are immune to poison.
Your flesh is cold resistant. (rC+)
You are immune to negative energy. (rN+++)
You are immune to unholy pain and torment.
You can survive without breathing.


   Skills:
 + Level 10.6 Fighting
 * Level 12.3 Maces & Flails
 - Level 0.7 Throwing
 + Level 3.0 Armour
 - Level 1.5 Dodging
 - Level 4.0 Shields
 - Level 2.6 Spellcasting
   Level 2.4 Translocations
 - Level 3.1 Invocations


You had 15 spell levels left.
You didn't know any spells.
Your spell library contained the following spells:

 Spells                   Type           Power        Failure   Level  Hunger
 Apportation              Tloc           #.....       98%         1    N/A
 Blink                    Tloc           N/A          99%         2    N/A
 Animate Skeleton         Necr           N/A          100%        1    N/A
 Confusing Touch          Hex            #.....       100%        1    N/A
 Corona                   Hex            #......      100%        1    N/A
 Magic Dart               Conj           #...         100%        1    N/A
 Summon Small Mammal      Summ           #...         100%        1    N/A
 Call Imp                 Summ           #.......     100%        2    N/A
 Ensorcelled Hibernation  Hex/Ice        #.....       100%        2    N/A
 Shroud of Golubria       Chrm/Tloc      #.........   100%        2    N/A
 Slow                     Hex            #.......     100%        2    N/A
 Confuse                  Hex            #.......     100%        3    N/A
 Conjure Flame            Conj/Fire      #.......     100%        3    N/A
 Dazzling Spray           Conj/Hex       #.....       100%        3    N/A
 Gell's Gravitas          Tloc           #.........   100%        3    N/A
 Lesser Beckoning         Tloc           #.........   100%        3    N/A
 Mephitic Cloud           Conj/Pois/Air  #.......     100%        3    N/A
 Teleport Other           Tloc           #.......     100%        3    N/A
 Tukima's Dance           Hex            #.......     100%        3    N/A
 Passage of Golubria      Tloc           N/A          100%        4    N/A

Skill      XL: |  1  2  3  4  5  6  7  8  9 10 11 |
---------------+----------------------------------+-----
Maces & Flails | 2 3 4 5 6 8 10 11 12 | 12.3
Fighting       | 3 4 5 7 8 9 10 | 10.6
Invocations    | 3 |  3.1
Shields        | 1 4 |  4.0
Armour         | 3 |  3.0
Throwing       | |  0.7
Dodging        | |  1.5
Spellcasting   | |  2.6
Translocations | |  2.4

Action                   |  1- 3 |  4- 6 |  7- 9 | 10-12 || total
-------------------------+-------+-------+-------+-------++-------
Melee: Mace              |   143 |    74 |       |       ||   217
       Flail             |       |   126 |   379 |       ||   505
       Whip              |       |       |   202 |   121 ||   323
       Morningstar       |       |       |       |   437 ||   437
Throw: Tomahawk          |       |       |       |     2 ||     2
Invok: Animate Remains   |       |       |     1 |    31 ||    32
       Animate Dead      |       |       |       |     9 ||     9
Evoke: Wand              |       |    12 |     6 |    17 ||    35
  Use: Scroll            |       |     3 |     7 |     8 ||    18
 Stab: Paralysed         |       |    12 |       |       ||    12
       Sleeping          |       |     2 |       |       ||     2
       Distracted        |       |       |       |     1 ||     1
Armor: Leather armour    |    39 |       |       |       ||    39
       Ring mail         |     8 |    52 |       |       ||    60
       Scale mail        |       |    32 |   265 |       ||   297
       Plate armour      |       |       |    28 |   302 ||   330
Dodge: Dodged            |   120 |   115 |   255 |   113 ||   603
Block: Buckler           |       |       |       |    83 ||    83

Inventory:

Hand Weapons
 a - a +0 morningstar (weapon)
   (You bought it in a shop on level 7 of the Dungeon)
 q - a +1 whip of electrocution
   (You took it off Pikel on level 6 of the Dungeon)
Missiles
 b - 3 exploding tomahawks
 e - 3 tomahawks of dispersal (quivered)
 g - 8 tomahawks
 j - 2 throwing nets
Armour
 l - a +0 cloak (worn)
   (You took it off Crazy Yiuf on level 3 of the Dungeon)
 p - a +0 helmet (worn)
   (You found it on level 6 of the Dungeon)
 s - a +0 pair of gloves (worn)
   (You found it on level 4 of the Dungeon)
 u - a +0 plate armour (worn)
   (You took it off an orc warrior on level 8 of the Dungeon)
 x - a +0 buckler (worn)
   (You took it off a gnoll sergeant on level 8 of the Dungeon)
 z - a +0 pair of boots (worn)
   (You found it on level 1 of the Lair of Beasts)
Jewellery
 h - a ring of stealth (left hand)
   (You found it on level 3 of the Dungeon)
 v - an uncursed ring of ice
   (You took it off Fannar on level 1 of the Lair of Beasts)
 A - a ring of protection from fire (right hand)
   (You found it on level 1 of the Lair of Beasts)
 C - a +4 amulet of reflection (around neck)
   (You found it on level 2 of the Lair of Beasts)
Scrolls
 c - a scroll of fear
 d - a scroll of noise
 f - 4 scrolls of fog
 k - 2 scrolls of amnesia
 m - 2 scrolls of immolation
 n - 9 scrolls of remove curse
 o - 2 scrolls of enchant weapon
 r - a scroll of identify
 t - a scroll of teleportation {!r}
 w - a scroll of enchant armour
 y - a scroll of magic mapping
 B - 3 scrolls of blinking
Miscellaneous
 D - a fan of gales
   (You found it on level 9 of the Dungeon)


You were on level 2 of the Lair of Beasts.
You worshipped Yredelemnul.
Yredelemnul was most pleased with you.
You were not hungry.

You visited 2 branches of the dungeon, and saw 11 of its levels.

You collected 717 gold pieces.
You spent 390 gold pieces at shops.

Dungeon Overview and Level Annotations

Branches:
Dungeon (9/15)             Temple (0/1) D:5            Lair (2/6) D:8
  Swamp: Lair:2-4    Shoals: Lair:2-4     Snake: Lair:2-4    Spider: Lair:2-4
    Orc: D:9-12

Altars:
Cheibriados
Nemelex Xobeh
Okawaru
Qazlal
Ru
Sif Muna
Uskayaw
Vehumet
Yredelemnul
The Shining One

Shops:
D:4 (   D:7 *   D:8 }

Annotations:
D:2 Sigmund
Lair:2 exclusion: 4 oklob plants

...#.#.# # ######## ##.
...#.### #. ##.##.P.##.#
#.. .#.#.#
#.##..........# #.. #.#
.# #..#.####.##..# ##. #
##.#...#...##.Z# #.
##P#..........##ZZ######!
........$#.##..##.Z.Z##..
P.....H...###ZZ#####ZZZ..
##PPPP@###..## #.....
#$}P?(# ##.###.##..#..
#$.P..# #.Z...........
#[$Z.P###..######P##.#
#..P$.##.### ######
#.)}..#### #######


You could see 4 oklob plants, a hippogriff and a friendly hippogriff zombie.

Notes
Turn   | Place    | Note
-------+----------+-------------------------------------------
     0 | D:1      | theanonym the Mummy Warper began the quest for the Orb.
     0 | D:1      | Reached XP level 1. HP: 16/16 MP: 4/4
   191 | D:1      | Reached skill level 2 in Maces & Flails
   304 | D:1      | Reached XP level 2. HP: 20/22 MP: 5/5
   847 | D:1      | HP: 10/23 [giant cockroach (2)]
  1234 | D:2      | Reached XP level 3. HP: 25/28 MP: 7/7
  1238 | D:2      | Noticed Sigmund
  1272 | D:2      | Found a radiant altar of Vehumet.
  1514 | D:2      | HP: 12/28 [adder (3)]
  1912 | D:2      | Reached skill level 3 in Maces & Flails
  2054 | D:2      | Reached XP level 4. HP: 29/34 MP: 8/8
  2131 | D:2      | Reached skill level 3 in Fighting
  2939 | D:3      | Noticed Natasha
  2958 | D:3      | HP: 17/35 [white imp/puff of frost[Natasha] (2)]
  3000 | D:2      | HP: 11/35 [adder (3)]
  3007 | D:1      | HP: 10/35 [adder (2)]
  3291 | D:3      | HP: 16/35 [Natasha (4)]
  3295 | D:3      | Killed Natasha
  3295 | D:3      | Reached XP level 5. HP: 10/41 MP: 9/9
  3716 | D:3      | HP: 20/41 [orc priest/+0 falchion (1)]
  3717 | D:3      | HP: 4/41 [orc priest/divine providence (16)]
  3718 | D:3      | Reached skill level 4 in Maces & Flails
  3889 | D:3      | Noticed an ogre
  4083 | D:3      | Killed an ogre
  4083 | D:3      | Reached skill level 4 in Fighting
  4083 | D:3      | Reached XP level 6. HP: 34/48 MP: 10/10
  4237 | D:3      | Found a runed door.
  4718 | D:3      | Noticed Grinder
  4743 | D:3      | Paralysed by Grinder for 4 turns
  4752 | D:3      | HP: 23/48 [adder (4)]
  4768 | D:3      | HP: 20/48 [adder (1)]
  4774 | D:3      | HP: 17/48 [adder (4)]
  4779 | D:2      | HP: 10/48 [adder (2)]
  5138 | D:3      | Killed Grinder
  5138 | D:3      | Reached skill level 5 in Maces & Flails
  5254 | D:3      | Reached XP level 7. HP: 52/55 MP: 11/11
  5381 | D:3      | Noticed Natasha
  5388 | D:3      | Killed Natasha
  5517 | D:3      | Noticed Crazy Yiuf
  5522 | D:3      | Killed Crazy Yiuf
  5917 | D:4      | Reached skill level 5 in Fighting
  6055 | D:4      | Found Azijiry's Antique Weapon Shoppe.
  6092 | D:4      | Reached skill level 6 in Maces & Flails
  6289 | D:5      | Entered Level 5 of the Dungeon
  6296 | D:5      | Found a deep blue altar of Sif Muna.
  6296 | D:5      | Found a basalt altar of Yredelemnul.
  6297 | D:5      | Found a stormy altar of Qazlal.
  6302 | D:5      | Became a worshipper of Yredelemnul the Dark
  6437 | D:5      | Found a glowing golden altar of the Shining One.
  6541 | D:5      | Found an iron altar of Okawaru.
  6544 | D:5      | Found a hide-covered altar of Uskayaw.
  6652 | D:5      | HP: 26/56 [orc warrior/+3 trident (5)]
  6653 | D:5      | HP: 12/56 [orc warrior/+3 trident (14)]
  6654 | D:5      | HP: 2/56 [orc warrior/+3 trident (11)]
  7231 | D:5      | Reached XP level 8. HP: 43/63 MP: 12/12
  7538 | D:5      | Found a staircase to the Ecumenical Temple.
  7745 | D:5      | Reached skill level 6 in Fighting
  7745 | D:5      | Reached skill level 7 in Maces & Flails
  8004 | D:6      | HP: 30/64 [ogre/+0 giant spiked club (12)]
  8019 | D:6      | Noticed Pikel
  8395 | D:5      | HP: 28/64 [bullfrog (7)]
  8405 | D:5      | HP: 27/64 [bullfrog (3)]
  8412 | D:5      | HP: 24/64 [slave[Pikel] (2)]
  8418 | D:5      | HP: 22/64 [slave[Pikel] (2)]
  8919 | D:6      | Noticed Menkaure
  8920 | D:6      | Found a sparkling altar of Nemelex Xobeh.
  8926 | D:6      | Killed Menkaure
  9152 | D:6      | Killed Pikel
  9152 | D:6      | Reached skill level 7 in Fighting
  9152 | D:6      | Reached skill level 8 in Maces & Flails
  9152 | D:6      | Reached XP level 9. HP: 45/72 MP: 13/13
  9464 | D:6      | Reached * piety under Yredelemnul
  9940 | D:7      | Reached skill level 9 in Maces & Flails
 10067 | D:7      | Found a sacrificial altar of Ru.
 10161 | D:7      | Found Ezuhifogac's General Store.
 10169 | D:7      | Bought a scroll of blinking for 82 gold pieces
 10169 | D:7      | Bought a wand of acid (8) for 264 gold pieces
 10577 | D:8      | Reached skill level 8 in Fighting
 10784 | D:8      | Noticed Maurice
 10822 | D:8      | Killed Maurice
 10822 | D:8      | Reached skill level 10 in Maces & Flails
 10900 | D:8      | Reached XP level 10. HP: 75/82 MP: 14/14
 10925 | D:8      | Found Hoas Ato's Gadget Shoppe.
 10938 | D:8      | Reached ** piety under Yredelemnul
 11148 | D:8      | HP: 37/82 [centaur (5)]
 11375 | D:8      | Found a staircase to the Lair.
 11392 | D:8      | Noticed a two-headed ogre
 11404 | D:8      | HP: 41/82 [two-headed ogre/+0 giant club (6)]
 11406 | D:8      | HP: 17/82 [two-headed ogre/+0 giant club (9)]
 11409 | D:8      | Killed a two-headed ogre
 11409 | D:8      | Reached skill level 9 in Fighting
 11409 | D:8      | Reached skill level 1 in Invocations
 12151 | D:8      | HP: 21/83 [komodo dragon (25)]
 12165 | D:8      | Reached skill level 2 in Invocations
 12557 | D:7      | Bought a +0 morningstar for 44 gold pieces
 12591 | D:9      | HP: 40/83 [bullfrog (3)]
 13103 | D:9      | HP: 38/83 [bullfrog (4)]
 13362 | D:9      | HP: 36/83 [electric eel/bolt of electricity (12)]
 13706 | D:9      | HP: 32/83 [merfolk/+0 trident (18)]
 13711 | D:9      | HP: 20/83 [merfolk/+0 trident (10)]
 14018 | D:9      | HP: 37/83 [electric eel/bolt of electricity (8)]
 14023 | D:9      | HP: 19/83 [electric eel/bolt of electricity (13)]
 14024 | D:9      | HP: 8/83 [electric eel/bolt of electricity (11)]
 14477 | D:9      | Reached skill level 3 in Invocations
 14478 | D:9      | Reached skill level 11 in Maces & Flails
 14579 | D:9      | Noticed a two-headed ogre
 14587 | D:9      | Killed a two-headed ogre
 14587 | D:9      | Reached skill level 1 in Shields
 14600 | D:9      | HP: 40/83 [troll (5)]
 14818 | D:9      | Noticed a two-headed ogre
 14818 | D:9      | Noticed a two-headed ogre
 14825 | D:9      | Killed a two-headed ogre
 14825 | D:9      | Reached XP level 11. HP: 63/90 MP: 15/15
 14825 | D:9      | Killed a two-headed ogre
 14825 | D:9      | Reached skill level 2 in Shields
 14843 | D:9      | HP: 43/90 [troll (4)]
 14848 | D:9      | HP: 36/90 [troll (4)]
 14859 | D:9      | HP: 33/90 [centaur/arrow (2)]
 14865 | D:9      | HP: 27/90 [centaur/arrow (7)]
 14878 | D:9      | HP: 25/90 [centaur/arrow (5)]
 14881 | D:9      | HP: 11/90 [troll (7)]
 14891 | D:9      | HP: 4/90 [howler monkey (5)]
 14892 | D:9      | Found a snail-covered altar of Cheibriados.
 15281 | Lair:1   | Entered Level 1 of the Lair of Beasts
 15469 | Lair:1   | HP: 43/90 [wolf (5)]
 15476 | Lair:1   | Reached skill level 10 in Fighting
 15515 | Lair:1   | HP: 44/90 [bullfrog (5)]
 15779 | Lair:1   | Reached skill level 1 in Armour
 15802 | Lair:1   | Noticed Fannar
 15819 | Lair:1   | HP: 45/90 [Fannar/+0 quarterstaff of freezing (4)]
 15825 | Lair:1   | HP: 43/90 [ice beast[Fannar] (3)]
 15826 | Lair:1   | Killed Fannar
 16179 | Lair:1   | Reached skill level 3 in Shields
 16187 | Lair:1   | Your ally Fannar died
 16198 | Lair:1   | HP: 45/90 [yak (7)]
 16212 | Lair:1   | HP: 40/90 [yak (2)]
 16241 | Lair:1   | Reached *** piety under Yredelemnul
 16243 | Lair:1   | HP: 27/91 [yak (9)]
 16256 | Lair:1   | HP: 17/91 [yak (6)]
 16267 | Lair:1   | Reached skill level 2 in Armour
 16271 | Lair:1   | HP: 14/91 [yak (7)]
 16884 | Lair:1   | HP: 37/91 [spiny frog (13)]
 16886 | Lair:1   | Reached skill level 12 in Maces & Flails
 17812 | Lair:2   | Noticed an oklob plant
 17839 | Lair:2   | Killed an oklob plant
 17903 | Lair:2   | HP: 42/92 [yak (5)]
 18116 | Lair:2   | Reached skill level 3 in Armour
 18116 | Lair:2   | Reached skill level 4 in Shields
 18186 | Lair:2   | Noticed an oklob plant
 18186 | Lair:2   | Noticed an oklob plant
 18203 | Lair:2   | Noticed an oklob plant
 18205 | Lair:2   | Noticed an oklob plant
 18230 | Lair:2   | HP: 36/92 [acid (13)]
 18231 | Lair:2   | HP: 8/92 [oklob plant/splash of acid (13)]
 18231 | Lair:2   | Splashed by an oklob plant's acid

Vanquished Creatures
  4 two-headed ogres
  Pikel (D:6)
  An oklob plant (Lair:2)
  Maurice (D:8)
  A spiny frog (Lair:1)
  2 komodo dragons
  A merfolk (D:9)
  Grinder (D:3)
  3 hippogriffs
  13 yaks
  2 hungry ghosts (D:7)
  Menkaure (D:6)
  5 water moccasins
  2 porcupines
  3 slaves (D:5)
  A black bear (Lair:2)
  2 orc warriors
  A sky beast (D:5)
  6 ogres
  3 phantoms
  6 wolves (Lair:1)
  2 centaurs (D:8)
  4 crocodiles (Lair:2)
  9 bullfrogs
  2 gnoll sergeants
  2 scorpions
  3 killer bees (D:8)
  An electric eel (D:9)
  A howler monkey (D:6)
  4 crimson imps
  3 centaur zombies
  A bullfrog zombie (D:8)
  4 orc priests
  2 gnoll shamans (D:9)
  7 hounds
  Crazy Yiuf (D:3)
  2 jellies
  An iguana (D:4)
  Natasha (twice) (D:3)
  9 worker ants
  8 orc wizards
  3 hound skeletons
  A worker ant zombie (D:6)
  14 adders
  4 gnolls
  3 river rats (D:3)
  A shadow imp (D:2)
  An adder zombie (D:8)
  An adder skeleton (D:6)
  6 worms
  5 leopard geckos
  30 orcs
  7 giant cockroaches
  9 goblins
  10 hobgoblins
  4 jackals
  4 quokkas
  13 bats
  A frilled lizard (D:1)
  9 kobolds
  A leopard gecko skeleton (D:6)
  A quokka skeleton (D:8)
  A quokka zombie (D:7)
  10 rats
267 creatures vanquished.

Vanquished Creatures (collateral kills)
  Fannar (Lair:1)
  A troll (D:9)
  2 hippogriffs (Lair:2)
  4 yaks
  A hog (D:8)
  2 water moccasins
  An eye of draining (D:9)
  2 ogres (D:9)
  2 bullfrogs (D:9)
  4 electric eels (D:9)
  An orc priest (D:9)
  A hobgoblin (D:9)
  A bush (Lair:2)
  2 fungi (Lair:2)
25 creatures vanquished.

Vanquished Creatures (others)
  An elf zombie (Lair:1)
  A merfolk skeleton (D:9)
  A komodo dragon zombie (Lair:2)
  A bullfrog (D:9)
  7 yak zombies
  2 wolf zombies (Lair:1)
  2 centaur zombies (D:8)
  5 bullfrog zombies
  A black bear zombie (Lair:2)
  A porcupine zombie (Lair:1)
  2 killer bee zombies (D:8)
  2 ogre zombies
  A scorpion zombie (D:9)
  3 gnoll zombies
  5 orc zombies
  A bush (Lair:1)
  7 fungi
  6 plants
49 creatures vanquished.

Grand Total: 341 creatures vanquished

Table legend:
 A = Turns spent in this place as a percentage of turns spent in the entire game.
 B = Non-inter-level travel turns spent in this place as a percentage of non-inter-level travel turns spent in the entire game.
 C = Inter-level travel turns spent in this place as a percentage of turns spent in this place.
 D = Turns resting spent in this place as a percentage of non-inter-level travel turns spent in this place.
 E = Turns spent auto-exploring this place as a percentage of non-inter-level travel turns spent in this place.
 F = Non-inter-level travel turns spent in this place divided by the number of levels of this place that you've seen.
                   A       B       C       D       E      F
               +-------+-------+-------+-------+-------+----------------------
         Total | 100.0 | 100.0 |   5.0 |  51.3 |  30.4 | 1574.1
       Dungeon |  83.8 |  83.0 |   5.9 |  50.6 |  31.3 | 1597.8
          Lair |  16.2 |  17.0 |   0.5 |  54.7 |  25.9 | 1467.5
               +-------+-------+-------+-------+-------+----------------------
